 Dungeon Crawl Stone Soup version 0.31-a0-150-g89dc3ad700 (webtiles) character file.

Game seed: 1213237381190492195

623 jlumianski the Ducker (level 7, -10/49 HPs)
             Began as a Djinni Fire Elementalist on June 8, 2023.
             Mangled by a wyvern (14 damage)
             ... on level 5 of the Dungeon.
             The game lasted 00:19:38 (3870 turns).

jlumianski the Ducker (Djinni Fire Elementalist)    Turns: 3870, Time: 00:19:38

Health: -10/49     AC:  2    Str:  6 (7)  XL:     7   Next: 75%
Gold:   315        EV: 13    Int: 18 (19) God:
                   SH:  0    Dex: 11 (13)

rFire   + + .        d - +1 dagger (venom)
rCold   x . .        (no shield)
rNeg    . . .        a - +0 robe
rPois   ∞            (no helmet)
rElec   .            (no cloak)
rCorr   .            (no gloves)
SInv    .            (boots unavailable)
Will    .....        (no amulet)
Stlth   ++           (no ring)
HPRegen 0.28/turn    (no ring)
MPRegen 0.00/turn

%: infuse magic (-11 HP)
@: flying
A: sickness immunity, fire resistance 2, cold vulnerability 1, float, innate
caster, HP casting, extra vitality 1
a: no special abilities


You were on level 5 of the Dungeon.
You visited 1 branch of the dungeon, and saw 5 of its levels.

You collected 315 gold pieces.

Inventory:

Hand Weapons
 c - a +0 short sword
 d - a +1 dagger of venom (weapon)
 i - a +0 dagger of protection
Missiles
 q - 10 poisoned darts
 r - a boomerang of dispersal
Armour
 a - a +0 robe (worn)
Magical Staves
 n - a staff of cold
Scrolls
 b - a scroll of blinking
 e - a scroll of enchant weapon
 f - 4 scrolls of teleportation
 h - 2 scrolls of fear
 j - a scroll of noise
 l - a scroll of brand weapon {unknown}
 s - a scroll of vulnerability
 t - a scroll of immolation {unknown}
Potions
 g - 2 potions of degeneration
 k - 2 potions of haste
 m - a potion of berserk rage
 o - a potion of invisibility
 p - a potion of attraction


   Skills:
 + Level 2.0 Fighting
 + Level 1.4 Short Blades
 + Level 4.6 Dodging
 + Level 3.6 Stealth
 * Level 4.6 Spellcasting
 * Level 4.6 Conjurations
 * Level 4.6 Hexes
 * Level 4.6 Summonings
 * Level 4.6 Necromancy
 * Level 4.6 Translocations
 * Level 4.6 Transmutations
 * Level 4.6 Fire Magic
 * Level 4.6 Ice Magic
 * Level 4.6 Air Magic
 * Level 4.6 Earth Magic
 * Level 4.6 Poison Magic


You knew the following spells:

 Your Spells              Type           Power      Damage    Failure   Level
a - Foxfire               Conj/Fire      80%        2x1d8     1%          1
b - Scorch                Fire           40%        2d7       3%          2
c - Volatile Blastmotes   Fire/Tloc      40%        2d13      6%          3
d - Inner Flame           Hex/Fire       20%        N/A       6%          3
e - Flame Wave            Conj/Fire      20%        2d7       21%         4
f - Necrotise             Necr           80%        1d8       1%          1
g - Momentum Strike       Conj/Tloc      40%        3d9       3%          2
h - Stone Arrow           Conj/Erth      40%        3d9       6%          3
Your spell library was empty.

Dungeon Overview and Level Annotations

Branches:
Dungeon (5/15)
 Temple: D:4-7

Altars:
Gozag
Yredelemnul


Innate Abilities, Weirdness & Mutations

You are immune to sickness and miasma.
You are immune to poison.
Your flesh is very heat resistant. (rF++)
You are vulnerable to cold. (rC-)
You float through the air rather than walking.
You learn spells naturally, not from books.
Your magical power is your life essence.
You have superior vitality. (+4 MHP)


Message History

Casting: Foxfire (safe; 1% risk of failure)
Confirm with . or Enter, or press ? or * to list all spells.
You conjure some foxfire!
The wyvern bites you!
You hit the wyvern but do no damage.
The wyvern is poisoned.
The foxfire hits the wyvern.
The wyvern is moderately wounded.
The foxfire hits the wyvern.
The wyvern is moderately wounded.
The wyvern bites you.
Casting: Foxfire (safe; 1% risk of failure)
Confirm with . or Enter, or press ? or * to list all spells.
You conjure some foxfire!
The wyvern closely misses you. The wyvern misses you.
You hit the wyvern but do no damage.
The wyvern is moderately wounded.
The foxfire hits the wyvern.
The wyvern is heavily wounded.
The foxfire hits the wyvern.
The wyvern is severely wounded.
The wyvern bites you!
Casting: Foxfire (safe; 1% risk of failure)
Confirm with . or Enter, or press ? or * to list all spells.
Aiming: Necrotise (safe; 1% risk of failure)
Press: ? - help, Shift-Dir - straight line, f - wyvern
Aim: a wyvern (severely wounded, very poisoned, chance to affect: 78%)
The wyvern writhes in agony.
The wyvern barely misses you. The wyvern bites you!
* * * LOW HITPOINT WARNING * * *
Casting: Necrotise (safe; 1% risk of failure)
Confirm with . or Enter, or press ? or * to list all spells.
Flames lash the wyvern.
The wyvern is almost dead.
The wyvern's fire resistance burns away.
* * * LOW HITPOINT WARNING * * *
The wyvern barely misses you.
Casting: Scorch (safe; 3% risk of failure)
Confirm with . or Enter, or press ? or * to list all spells.
You conjure some foxfire!
* * * LOW HITPOINT WARNING * * *
The wyvern bites you!
You die...

#### #.. #.###.#
######.....#
#......# #
####.####.###....
#..v@l..<.......#
......v..###..####.#
#.##.###.# #..... #.
.# #...### . !.
#..... # ..###..###
..# ..# ### ..#


You could see a wyvern (poisoned, combustible, ally target).

Vanquished Creatures
  A black bear (D:3)
  An ogre (D:4)
  A phantom (D:3)
  2 scorpions
  2 hounds (D:4)
  An iguana (D:4)
  2 orc wizards (D:4)
  6 adders
  An ufetubus (D:4)
  A worm (D:2)
  9 orcs
  3 ball pythons
  2 bats
  3 endoplasms
  2 giant cockroaches (D:1)
  2 goblins (D:4)
  4 hobgoblins
  3 jackals (D:1)
  5 quokkas
  5 frilled lizards
  10 kobolds
  7 rats
73 creatures vanquished.

Vanquished Creatures (others)
  172 foxfires
172 creatures vanquished.

Grand Total: 245 creatures vanquished

Notes
Turn   | Place    | Note
-------+----------+-------------------------------------------
     0 | D:1      | jlumianski the Djinni Fire Elementalist began the quest for
                  | the Orb.
     0 | D:1      | jlumianski set off with the following spells memorised:
                  | Foxfire, Scorch, Volatile Blastmotes, Inner Flame, Flame
                  | Wave.
     0 | D:1      | Reached XP level 1. HP: 15/15 MP: 0/0
   270 | D:1      | Reached XP level 2. HP: 21/21 MP: 0/0
   626 | D:1      | Reached XP level 3. HP: 21/25 MP: 0/0
   626 | D:1      | Learned a level 1 spell: Necrotise
  1081 | D:2      | Reached XP level 4. HP: 29/31 MP: 0/0
  1426 | D:3      | Found an opulent altar of Gozag.
  2030 | D:5      | Entered Level 5 of the Dungeon
  2040 | D:4      | Reached XP level 5. HP: 27/36 MP: 0/0
  2040 | D:4      | Learned a level 2 spell: Momentum Strike
  2122 | D:4      | Noticed a phantom
  2152 | D:3      | Reached skill level 1 in Fighting
  2277 | D:3      | Killed a phantom
  2278 | D:3      | Reached skill level 1 in Short Blades
  2278 | D:3      | Reached XP level 6. HP: 22/42 MP: 0/0
  2497 | D:4      | Noticed a black bear
  2506 | D:4      | Noticed an ogre
  2700 | D:3      | Killed a black bear
  2701 | D:3      | Reached XP level 7. HP: 15/47 MP: 0/0
  2701 | D:3      | Learned a level 3 spell: Stone Arrow
  3034 | D:5      | Noticed a wyvern
  3468 | D:4      | Found a basalt altar of Yredelemnul.
  3870 | D:5      | Mangled by a wyvern

Illustrated notes

Levels and vault maps discovered:
D:1:      lemuel_arrival_room, layout_loops_ring
D:2:      layout_rooms
D:3:      layout_basic, nicolae_gozag_cash_rules_everything_around_me
D:4:      layout_gridville, mainiacjoe_overflow_paths,
          mainiacjoe_overflow_catwalk, mainiacjoe_overflow_alcove_4,
          minmay_fractal_squares_diagonal_5
D:5:      layout_loops_ring, zin_purify, serial_shops,
          nicolae_shop_behind_doors, kennysheep_generic_room_16

Skill      XL: |  1  2  3  4  5  6  7 |
---------------+----------------------+-----
Spellcasting   | 4 |  4.6
Conjurations   | 4 |  4.6
Hexes          | 4 |  4.6
Summonings     | 4 |  4.6
Necromancy     | 4 |  4.6
Translocations | 4 |  4.6
Transmutations | 4 |  4.6
Fire Magic     | 4 |  4.6
Ice Magic      | 4 |  4.6
Air Magic      | 4 |  4.6
Earth Magic    | 4 |  4.6
Poison Magic   | 4 |  4.6
Stealth        | 2 3 |  3.6
Dodging        | 3 4 |  4.6
Fighting       | 1 2 |  2.0
Short Blades   | 1 |  1.4

Action                     |  1- 3 |  4- 6 |  7- 9 || total
---------------------------+-------+-------+-------++-------
  Melee: Unarmed           |    38 |       |       ||    38
         Dagger            |    22 |    28 |    21 ||    71
         Punch             |     2 |     1 |       ||     3
         Short sword       |     1 |       |       ||     1
   Cast: Foxfire           |    34 |    40 |    19 ||    93
         Scorch            |       |     5 |     2 ||     7
         Necrotise         |       |       |     3 ||     3
         Inner Flame       |       |       |     2 ||     2
         Stone Arrow       |       |       |     1 ||     1
    Use: Scroll            |       |       |     9 ||     9
         Potion            |       |       |     1 ||     1
   Stab: Sleeping          |     2 |     2 |     1 ||     5
 Armour: Robe              |    13 |    11 |     3 ||    27
  Dodge: Dodged            |    48 |    48 |    10 ||   106

Table legend: (Time is in decaauts)
 A = Elapsed time spent in this place.
 B = Non-inter-level travel time spent in this place.
 C = Inter-level travel time spent in this place.
 D = Time resting spent in this place.
 E = Time spent auto-exploring this place.
 F = Levels seen in this place.
 G = Mean time per level.
                   A        B        C        D        E       F      G
               +--------+--------+--------+--------+--------+-----+--------+
         Total |   3879 |   3759 |    120 |    675 |   1951 |   5 |  775.8 |
       Dungeon |   3879 |   3759 |    120 |    675 |   1951 |   5 |  775.8 |
               +--------+--------+--------+--------+--------+-----+--------+

Top non-repeatable levels by time:
     D:4: 1348 daAuts
     D:3: 1063 daAuts
     D:1: 873 daAuts
     D:2: 545 daAuts
     D:5: 49 daAuts
